 Dungeon Crawl Stone Soup version 0.29-a0-320-g9f8742066b (webtiles) character file.

Game seed: 7787151950903427066

8 sokol815 the Skirmisher (level 1, -5/19 HPs)
             Began as a Demigod Fighter on Apr 3, 2022.
             Slain by a gnoll
             ... wielding a +0 flail
              (10 damage)
             ... on level 1 of the Dungeon.
             The game lasted 00:00:33 (182 turns).

sokol815 the Skirmisher (Demigod Fighter)            Turns: 182, Time: 00:00:34

Health: -5/19      AC:  6    Str: 17    XL:     1   Next: 80%
Magic:  3/3        EV:  8    Int: 10    God:
Gold:   31         SH:  4    Dex: 13    Spells: 0/0 levels left

rFire   . . .      SeeInvis .   a - +0 war axe
rCold   . . .      Faith    .   c - +0 buckler
rNeg    . . .      Spirit   .   b - +0 scale mail
rPois   .          Reflect  .   (no helmet)
rElec   .          Harm     .   (no cloak)
rCorr   .          Rampage  .   (no gloves)
Will    .....                   (no boots)
Stlth   ..........              (no amulet)
HPRegen 0.06/turn               (no ring)
MPRegen 0.08/turn               (no ring)

@: mighty
A: high MP 1, forlorn, divine attributes
a: no special abilities


You were on level 1 of the Dungeon.
You visited 1 branch of the dungeon, and saw 1 of its levels.

You collected 31 gold pieces.

Inventory:

Hand Weapons
 a - a +0 war axe (weapon)
Missiles
 d - 4 poisoned darts
Armour
 b - a +0 scale mail (worn)
 c - a +0 buckler (worn)


   Skills:
 + Level 3.0 Fighting
 + Level 2.1 Axes
 - Level 2.6 Armour
 - Level 2.6 Shields


You couldn't memorise any spells.
You didn't know any spells.
Your spell library contained the following spells:

 Spells                   Type           Power      Damage    Failure   Level
 Blink                    Tloc           0%         N/A       95%         2
 Lesser Beckoning         Tloc           0%         N/A       99%         3
 Manifold Assault         Tloc           0%         N/A       100%        5


Dungeon Overview and Level Annotations

Branches:
Dungeon (1/15)

Shops:
D:1 ?


Innate Abilities, Weirdness & Mutations

You have an increased reservoir of magic. (+10% MP)
You shall have no god before yourself.
Your divine heritage dramatically boosts your attributes as you level up.


Message History

You now have 24 gold pieces (gained 9).
A bat comes into view.
You miss the bat. The bat closely misses you.
The bat hits you but does no damage.
You closely miss the bat. The bat barely misses you.
You block the bat's attack.
You barely miss the bat. The bat hits you but does no damage.
The bat hits you but does no damage. The bat closely misses you.
You barely miss the bat. The bat hits you but does no damage. x2
You hit the bat. The bat closely misses you.
The bat hits you but does no damage.
You slash the bat!
You kill the bat!
No target in view!
No target in view!
A jackal comes into view.
The jackal barks!
A jackal comes into view.
The jackal barks!
You slash the jackal!
You kill the jackal!
You barely miss the jackal. The jackal bites you.
You block the jackal's attack.
You take 1 damage, and have 17/18 hp.
You slash the jackal!
You kill the jackal!
Your Axes skill increases to level 2!
No target in view!
No target in view!
You now have 31 gold pieces (gained 7).
There is an empty arch of ancient stone here.
A jackal comes into view.
The jackal barks!
Health restored: 18 You barely miss the jackal.
The jackal bites you but does no damage.
The jackal completely misses you.
You closely miss the jackal. The jackal bites you.
The jackal closely misses you.
You take 3 damage, and have 15/18 hp.
You barely miss the jackal. The jackal barely misses you.
The jackal bites you but does no damage.
You hit the jackal but do no damage. The jackal bites you.
The jackal bites you but does no damage.
You take 1 damage, and have 14/18 hp.
You slash the jackal!
You kill the jackal!
No target in view!
No target in view!
You see here a jackal corpse.
A rat comes into view.
The rat moves out of view.
Health restored: 18 A rat and a bat come into view.
Found 4 poisoned darts.
Found Doxkyuhe's Magic Scroll Emporium.
A ball python comes into view.
The ball python hisses angrily.
You block the bat's attack. The rat bites you but does no damage.
The ball python moves out of view.
You hit the rat.
You kill the rat!
The bat hits you.
You take 1 damage, and have 17/18 hp.
The bat hits you but does no damage.
You see here a rat corpse.
You closely miss the bat. The bat hits you but does no damage.
The ball python bites you but does no damage.
The ball python grabs you. The ball python constricts you.
You slash the ball python!
You kill the ball python!
You closely miss the bat. The bat barely misses you.
The bat closely misses you.
You slash the bat!
You kill the bat!
Your Fighting skill increases to level 3!
Health restored: 19 No target in view!
No target in view!
d - 4 poisoned darts
There is an entrance to Doxkyuhe's Magic Scroll Emporium here.
A gnoll comes into view. It is wielding a +0 flail.
Found a stone staircase leading down.
The gnoll barely misses you.
You barely miss the gnoll. The gnoll hits you with a +0 flail.
You take 6 damage, and have 13/19 hp.
MASSIVE DAMAGE!!
You closely miss the gnoll. The gnoll hits you with a +0 flail!
* * * LOW HITPOINT WARNING * * *
The gnoll barely misses you.
You take 8 damage, and have 5/19 hp.
MASSIVE DAMAGE!!
You aren't carrying any scrolls.
You feel very mighty all of a sudden. The gnoll hits you but does no damage.
You barely miss the gnoll. The gnoll barely misses you.
You slash the gnoll! You block the gnoll's attack.
The gnoll hits you with a +0 flail!
Ouch! That really hurt!
You die...

##############
##.....##.....##
##..............##
#..............>.#
#................#
#.........@......#
#####..........g.(...#
#.....................
#.###................#
#................$..##
#.#...#......#.....##
#..#.#...#...##.####
#...∩...##.### .=
#..#.#.......


You could see a gnoll.

Vanquished Creatures
  2 bats (D:1)
  3 jackals (D:1)
  A ball python (D:1)
  A rat (D:1)
7 creatures vanquished.

Notes
Turn   | Place    | Note
-------+----------+-------------------------------------------
     0 | D:1      | sokol815 the Demigod Fighter began the quest for the Orb.
     0 | D:1      | Reached XP level 1. HP: 18/18 MP: 3/3
    42 | D:1      | Reached skill level 2 in Axes
   152 | D:1      | Found Doxkyuhe's Magic Scroll Emporium.
   159 | D:1      | Reached skill level 3 in Fighting
   182 | D:1      | Slain by a gnoll

Illustrated notes

Levels and vault maps discovered:
D:1:      nzn_arrival_settlement, layout_rooms, serial_shops,
          nicolae_shop_advertising_works [nicolae_subvault_shop_adworks],
          shapermc_ecumenical_altar_mp_vishouse

Skill      XL: |  1 |
---------------+----+-----
Axes           | 2 |  2.1
Fighting       | 3 |  3.0
Armour         | |  2.6
Shields        | |  2.6

Action                   || total
-------------------------++-------
Melee: War axe           ||    22
  Use: Potion            ||     1
Armor: Scale mail        ||    14
Dodge: Dodged            ||    12
Block: Buckler           ||     4

Table legend: (Time is in decaauts)
 A = Elapsed time spent in this place.
 B = Non-inter-level travel time spent in this place.
 C = Inter-level travel time spent in this place.
 D = Time resting spent in this place.
 E = Time spent auto-exploring this place.
 F = Levels seen in this place.
 G = Mean time per level.
                   A        B        C        D        E       F      G
               +--------+--------+--------+--------+--------+-----+--------+
         Total |    191 |    191 |      0 |      0 |    140 |   1 |  191.0 |
       Dungeon |    191 |    191 |      0 |      0 |    140 |   1 |  191.0 |
               +--------+--------+--------+--------+--------+-----+--------+

Top non-repeatable levels by time:
     D:1: 191 daAuts

Table legend:
 A = Kills in this place as a percentage of kills in entire the game.
 B = Kills by you in this place as a percentage of kills by you in the entire game.
 C = Kills by friends in this place as a percentage of kills by friends in the entire game.
 D = Other kills in this place as a percentage of other kills in the entire game.
 E = Experience gained in this place as a percentage of experience gained in the entire game.
 F = Experience gained in this place divided by the number of levels of this place that you have seen.
                   A       B       C       D       E      F
               +-------+-------+-------+-------+-------+----------------------
         Total | 100.0 | 100.0 |   N/A |   N/A | 100.0 |  12.0
       Dungeon | 100.0 | 100.0 |   N/A |   N/A | 100.0 |  12.0
               +-------+-------+-------+-------+-------+----------------------
